 Dungeon Crawl Stone Soup version 0.32-a0-522-g3863d58 (webtiles) character file.

Game seed: 11681807258442332748

4738 Remcycle the Spear-Bearer (level 10, -2/79 HPs)
             Began as a Merfolk Gladiator on Feb 27, 2024.
             Was a Follower of Makhleb.
             Shot with a sling bullet by Joseph (18 damage)
             ... on level 8 of the Dungeon.
             The game lasted 00:19:40 (7528 turns).

Remcycle the Spear-Bearer (Merfolk Gladiator)       Turns: 7528, Time: 00:19:41

Health: -2/79      AC:  9    Str: 19    XL:     10   Next: 46%
Magic:  7/10       EV: 14    Int:  7    God:    Makhleb [*.....]
Gold:   387        SH:  0    Dex: 16    Spells: 9/9 levels left

rFire   + . .        m - +8 trident of the Octopus King {venom, rElec rPois}
rCold   . . .        (no shield)
rNeg    . . .        A - +0 scale mail
rPois   +            c - +0 helmet
rElec   +            j - +0 cloak
rCorr   .            (no gloves)
SInv    .            (no boots)
Will    .....        (no amulet) Stlth
                     w - ring of protection from fire
HPRegen 0.33/turn    (no ring)
MPRegen 0.12/turn

%: no passive effects
@: confused, ambrosia-drunk
A: (nimble swimmer 2), mertail
a: Renounce Religion


You were on level 8 of the Dungeon.
You worshipped Makhleb.
Makhleb was aware of your devotion.
You visited 2 branches of the dungeon, and saw 9 of its levels.
You also visited: Ossuary.

You collected 387 gold pieces.

Inventory:

Hand Weapons
 m - the +8 trident of the Octopus King (weapon) {venom, rElec rPois}
   (You found it on level 4 of the Dungeon)

   rElec:     It insulates you from electricity.
   rPois:     It protects you from poison
Missiles
 d - 3 throwing nets (quivered)
 e - 4 javelins
Armour
 c - a +0 helmet (worn)
 j - a +0 cloak (worn)
 A - a +0 scale mail (worn)
Jewellery
 i - an amulet of the acrobat
 w - a ring of protection from fire (left hand)
Wands
 b - a wand of warping (13)
 k - a wand of flame (59)
 y - a wand of digging (5)
Scrolls
 f - a scroll of teleportation
 n - 2 scrolls of fog
 u - a scroll of enchant weapon
 x - a scroll of vulnerability
Potions
 a - 3 potions of haste
 g - 2 potions of invisibility
 h - a potion of might {unknown}
 l - 4 potions of curing
 o - 2 potions of attraction
 p - 4 potions of lignification
 q - a potion of enlightenment
 r - a potion of cancellation {unknown}
 t - a potion of resistance
 v - 2 potions of degeneration {unknown}


   Skills:
 + Level 7.2 Fighting
 - Level 14.0 Polearms
 - Level 2.0 Throwing
 + Level 4.5 Armour
 + Level 9.1 Dodging


You had 9 spell levels left.
You didn't know any spells.
Your spell library contained the following spells:

 Spells                   Type           Power      Damage    Failure   Level
 Sting                    Conj/Alch      0%         1d3       78%         1
 Cigotuvi's Dreadful Rot  Necr/Alch/Air  0%         N/A       89%         2
 Mercury Vapours          Alch/Air       0%         N/A       89%         2
 Cause Fear               Hex            0%         N/A       100%        4
 Ignite Poison            Fire/Alch      0%         N/A       100%        4
 Olgreb's Toxic Radiance  Alch           0%         N/A       100%        4
 Fireball                 Conj/Fire      0%         3d3       100%        5
 Freezing Cloud           Conj/Ice/Air   0%         6-21      100%        5
 Dragon's Call            Summ           0%         N/A       100%        9


Dungeon Overview and Level Annotations

Branches:
Dungeon (8/15)             Temple (1/1) D:6         Ossuary (visited)
   Lair: D:8-11

Altars:
Ashenzari
Dithmenos
Elyvilon
Fedhas
Gozag
Hepliaklqana
Kikubaaqudgha
Makhleb
Nemelex Xobeh
Qazlal
Sif Muna
Trog
Uskayaw
Xom
Yredelemnul
Zin
The Shining One

Shops:
D:2 =   D:4 !*   D:5 (

Annotations:
D:8 Joseph


Innate Abilities, Weirdness & Mutations

((You are very nimble when in or above water. (Stealth+, EV+, Speed+++)))
Your lower body shifts to a powerful aquatic tail in water.


Message History

There is an open door here.
You open the door.
There is an open door here.
There is an open door here.
There is an open door here.
You see here a yak skeleton.
Joseph and a centaur come into view.
Joseph is wielding a +3 spectral quarterstaff and wearing a +0 leather armour of cold resistance.
The centaur shouts!
The centaur wields a +0 orcbow.
The centaur shoots an arrow.
The arrow hits you!
Joseph unwields a +3 spectral quarterstaff.
Joseph wields a +1 antimagic sling.
Joseph shoots a sling bullet.
The sling bullet misses you.
The centaur shoots an arrow.
The arrow hits you!
The centaur shoots an arrow.
The arrow hits you!
The centaur shoots an arrow.
The arrow hits you!
The centaur shoots an arrow.
The arrow hits you!
You are too injured to fight recklessly!
You are too injured to fight recklessly!
You are too injured to fight recklessly!
The centaur shoots an arrow.
The arrow hits you.
The centaur unwields a +0 orcbow.
The centaur hits you. The centaur barely misses you. The centaur hits you.
* * * LOW HITPOINT WARNING * * *
The centaur completely misses you.
You puncture the centaur!
The centaur looks as sick as possible!
The centaur is severely wounded.
You hit the centaur.
The centaur is almost dead.
The centaur closely misses you. The centaur barely misses you.
You puncture the centaur!
You kill the centaur!
Makhleb accepts your kill.
Joseph shoots a sling bullet.
The sling bullet hits you!
* * * LOW HITPOINT WARNING * * *
You feel your power leaking away.
Okay, then.
You are confused.
You feel invigorated.
Joseph shoots a sling bullet.
The sling bullet hits you!!
You die...

##########.#
#.# #.#
###.#####
#.......####
#....!@.@... #
#.....#.####
....####....##
# #...)@....#
.....###.#.##
... #.#.# #
#.... ##...#
.... .....
.....


You could see Joseph.

Vanquished Creatures
  3 yaks (D:8)
  Menkaure (D:6)
  Edmund (D:5)
  Duvessa (D:7)
  2 water moccasins
  2 orc warriors
  An ice beast (D:6)
  2 sky beasts (D:7)
  2 centaurs
  7 phantoms
  Blork the orc (D:5)
  4 bullfrogs
  A gnoll sergeant (D:7)
  2 scorpions
  12 wights
  Dowan (D:7)
  3 electric eels (D:6)
  3 bullfrog zombies (Ossuary)
  2 jellies
  A gnoll bouda (D:8)
  2 hounds
  8 orc priests
  10 mummies (Ossuary)
  2 sleepcaps
  2 iguanas
  5 orc wizards
  3 killer bee zombies (Ossuary)
  A crocodile zombie (Ossuary)
  3 hound zombies (Ossuary)
  3 howler monkey zombies (Ossuary)
  10 gnolls
  4 adders
  3 white imps
  3 ribbon worms
  22 orcs
  6 bats
  2 endoplasms (D:4)
  3 giant cockroaches
  4 goblins
  6 hobgoblins
  6 jackals
  4 quokkas
  4 ball pythons
  3 ball python zombies (Ossuary)
  2 frilled lizards (D:1)
  11 kobolds
  3 rats
187 creatures vanquished.

Notes
Turn   | Place    | Note
-------+----------+-------------------------------------------
     0 | D:1      | Remcycle the Merfolk Gladiator began the quest for the Orb.
     0 | D:1      | Reached XP level 1. HP: 16/16 MP: 1/1
     2 | D:1      | Noticed a draconian
     2 | D:1      | Noticed an armataur
     4 | D:1      | Noticed a spriggan
     6 | D:1      | Noticed a human
     6 | D:1      | Noticed a demonspawn
     8 | D:1      | Noticed a djinni
     8 | D:1      | Noticed a troll
    10 | D:1      | Noticed a demigod
    10 | D:1      | Noticed a felid
    13 | D:1      | Noticed a gargoyle
    13 | D:1      | Noticed an oni
    15 | D:1      | Noticed a ghoul
    15 | D:1      | Noticed a minotaur
    17 | D:1      | Noticed a dwarf
    19 | D:1      | Noticed a barachi
    21 | D:1      | Noticed an elf
    21 | D:1      | Noticed a vine stalker
    23 | D:1      | Noticed a tengu
    23 | D:1      | Noticed a naga
    25 | D:1      | Noticed a merfolk
    25 | D:1      | Noticed a formicid
    27 | D:1      | Noticed an octopode
    29 | D:1      | Noticed a vampire
   225 | D:1      | Reached XP level 2. HP: 22/22 MP: 2/2
   427 | D:1      | Reached skill level 5 in Polearms
   707 | D:2      | Found Ytu Yniuck's Jewellery Shoppe.
   709 | D:2      | Reached XP level 3. HP: 27/27 MP: 3/3
   815 | D:2      | Found a faded altar of an unknown god.
  1215 | D:2      | Reached skill level 6 in Polearms
  1283 | D:3      | Noticed a phantom
  1317 | D:3      | Killed a phantom
  1318 | D:3      | Reached skill level 7 in Polearms
  1318 | D:3      | Reached XP level 4. HP: 11/33 MP: 4/4
  1318 | D:3      | Reached XP level 5. HP: 13/38 MP: 5/5
  1770 | D:4      | Found a sand-covered staircase.
  1782 | Ossuary  | Entered an ossuary
  1797 | Ossuary  | Reached skill level 8 in Polearms
  1871 | Ossuary  | Reached XP level 6. HP: 32/44 MP: 6/6
  2003 | Ossuary  | Reached skill level 9 in Polearms
  2102 | Ossuary  | Reached skill level 10 in Polearms
  2151 | Ossuary  | Reached XP level 7. HP: 37/50 MP: 7/7
  2764 | D:4      | Reached skill level 11 in Polearms
  2977 | D:4      | Found Ymixocer's Overcharged Wands.
  3073 | D:4      | Found Vethry's Distillery.
  3185 | D:4      | Found the +8 trident of the Octopus King {venom, rElec
                  | rPois}
  3449 | D:5      | Entered Level 5 of the Dungeon
  3449 | D:5      | Noticed Blork the orc
  3460 | D:5      | Killed Blork the orc
  3486 | D:5      | Reached skill level 12 in Polearms
  3486 | D:5      | Reached XP level 8. HP: 51/56 MP: 8/8
  3528 | D:5      | Noticed Edmund
  3780 | D:4      | Reached skill level 13 in Polearms
  3859 | D:5      | Killed Edmund
  3960 | D:5      | Found Rumaegao's Firing Range.
  4070 | D:5      | Reached skill level 14 in Polearms
  4404 | D:6      | Reached skill level 1 in Armour
  4479 | D:6      | Reached XP level 9. HP: 62/63 MP: 9/9
  4687 | D:6      | Found a basalt altar of Yredelemnul.
  4696 | D:6      | Reached skill level 5 in Dodging
  4789 | D:6      | Found a staircase to the Ecumenical Temple.
  4798 | Temple   | Entered the Ecumenical Temple
  4876 | Temple   | Became a worshipper of Makhleb the Destroyer
  4930 | D:6      | Noticed Menkaure
  4937 | D:6      | Killed Menkaure
  5662 | D:7      | Reached skill level 5 in Fighting
  6157 | D:7      | Noticed Dowan
  6157 | D:7      | Noticed Duvessa
  6165 | D:7      | Killed Duvessa
  6166 | D:7      | Killed Dowan
  6169 | D:7      | Reached XP level 10. HP: 66/76 MP: 10/10
  6266 | D:7      | Found a broken altar of Ashenzari.
  6401 | D:7      | Reached * piety under Makhleb
  6859 | D:8      | Found a hazy altar of Hepliaklqana.
  6860 | D:8      | Found a shimmering altar of Xom.
  6861 | D:8      | Noticed a spectral ugly thing
  7520 | D:8      | Noticed Joseph
  7528 | D:8      | Shot with a sling bullet by Joseph

Illustrated notes

Levels and vault maps discovered:
D:1:      kb_arrival_jail, layout_basic
D:2:      layout_basic, shapermc_ecumenical_altar_notcrosses, serial_shops,
          shop, st_stairs_2
D:3:      layout_rooms
D:4:      layout_cave_pods, serial_shops, nicolae_shop_real_fake_doors,
          nicolae_ossuary_entry_ruins, nicolae_shop_overcharged_wands
D:5:      layout_rooms, nicolae_shop_firing_range, uniq_blork_the_orc,
          uniq_grinder, uniq_edmund
D:6:      layout_gridville, old_standard_altar, minmay_temple_entry_nine_rooms,
          serial_bayou_lake_a, uniq_menkaure
D:7:      layout_loops_ring, lemuel_coloured_pillars_altar,
          hangedman_decor_peaks_small, uniq_duvessa
D:8:      layout_loops_corners, regret_index_temple_of_mockery,
          grunt_ministairs_10, st_stairs_11, uniq_joseph
Temple:   nicolae_temple_figure_eight

Skill      XL: |  1  2  3  4  5  6  7  8  9 10 |
---------------+-------------------------------+-----
Polearms       | 5 7 8 10 12 14 | 14.0
Fighting       | 3 6 7 |  7.2
Armour         | 1 3 4 |  4.5
Dodging        | 7 9 |  9.1
Throwing       | |  2.0

Action                     |  1- 3 |  4- 6 |  7- 9 | 10-12 || total
---------------------------+-------+-------+-------+-------++-------
  Melee: Trident           |   151 |   122 |   351 |    96 ||   720
         Tailslap          |       |     3 |     2 |       ||     5
    Use: Scroll            |       |     2 |    14 |     1 ||    17
         Potion            |       |     1 |     1 |     1 ||     3
   Stab: Sleeping          |     5 |     1 |       |       ||     6
         Distracted        |       |     3 |     1 |       ||     4
 Armour: Leather armour    |    67 |    40 |   102 |       ||   209
         Scale mail        |       |       |    38 |    35 ||    73
  Dodge: Dodged            |    80 |    54 |   130 |    20 ||   284
         Repelled          |     1 |     1 |     1 |     1 ||     4

Table legend: (Time is in decaauts)
 A = Elapsed time spent in this place.
 B = Non-inter-level travel time spent in this place.
 C = Inter-level travel time spent in this place.
 D = Time resting spent in this place.
 E = Time spent auto-exploring this place.
 F = Levels seen in this place.
 G = Mean time per level.
                   A        B        C        D        E       F      G
               +--------+--------+--------+--------+--------+-----+--------+
         Total |   7341 |   7095 |    246 |    403 |   5426 |  10 |  734.1 |
       Dungeon |   6553 |   6318 |    235 |    403 |   4961 |   8 |  819.1 |
        Temple |     90 |     79 |     11 |      0 |      0 |   1 |   90.0 |
       Ossuary |    697 |    697 |      0 |      0 |    465 |   1 |  697.0 |
               +--------+--------+--------+--------+--------+-----+--------+

Top non-repeatable levels by time:
     D:7: 1341 daAuts
     D:4: 1207 daAuts
     D:6: 872 daAuts
     D:8: 828 daAuts
 Ossuary: 697 daAuts
     D:1: 657 daAuts
     D:2: 608 daAuts
     D:5: 520 daAuts
     D:3: 517 daAuts
  Temple: 90 daAuts
